 Dungeon Crawl Stone Soup version 0.29.1-2-gbd0b4ee654 (webtiles) character file.

Game seed: 13379445665645871941

723 hawla the Chiller (level 8, -5/58 HPs)
             Began as a Meteoran Ice Elementalist on Dec 1, 2022.
             Slain by an ice beast (10 damage)
             ... on level 5 of the Dungeon.
             The game lasted 00:10:18 (1649 turns).

hawla the Chiller (Meteoran Ice Elementalist)       Turns: 1649, Time: 00:10:18

Health: -5/58      AC:  3    Str:  9    XL:     8   Next: 22%
Magic:  14/15      EV: 13    Int: 19    God:
Gold:   155        SH:  0    Dex: 15    Spells: 3/15 levels left

rFire   . . .      SeeInvis .   (no weapon)
rCold   . . .      Faith    .   (no shield)
rNeg    . . .      Spirit   .   a - +0 robe
rPois   .          Reflect  .   (no helmet)
rElec   .          Harm     .   (no cloak)
rCorr   .          Rampage  .   (no gloves)
Will    +....                   i - +0 pair of boots
Stlth   +.........              (no amulet)
HPRegen 0.19/turn               (no ring)
MPRegen 0.14/turn               (no ring)

@: glowing
A: sense surroundings 1, otherworldly, glowing, explore regen
a: no special abilities


You were on level 5 of the Dungeon.
You visited 1 branch of the dungeon, and saw 5 of its levels.

You collected 155 gold pieces.

Inventory:

Armour
 a - a +0 robe (worn)
 i - a +0 pair of boots (worn)
Wands
 q - a wand of mindburst (14)
Scrolls
 c - 2 scrolls of enchant weapon
 p - a scroll of teleportation {unknown}
Potions
 b - a potion of magic
 f - a potion of might
 g - a potion of attraction
 j - a potion of brilliance {unknown}
 l - 2 potions of degeneration {unknown}
 m - a potion of mutation {unknown}


   Skills:
 - Level 0.4 Fighting
 - Level 3.0 Dodging
 - Level 1.4 Stealth
 - Level 4.4 Spellcasting
 - Level 5.4 Conjurations
 - Level 6.4 Ice Magic
 + Level 4.2 Air Magic


You had 3 spell levels left.
You knew the following spells:

 Your Spells              Type           Power      Damage    Failure   Level
a - Freeze                Ice            100%       1d11      1%          1
b - Frozen Ramparts       Ice            56%        1d9       2%          3
c - Hailstorm             Conj/Ice       26%        3d7       11%         4
d - Airstrike             Air            10%        2d(2-18)  22%         4

Your spell library contained the following spells:

 Spells                   Type           Power      Damage    Failure   Level
 Shock                    Conj/Air       88%        1d8       1%          1
 Ozocubu's Armour         Ice            28%        N/A       2%          3
 Swiftness                Air            20%        N/A       7%          3


Dungeon Overview and Level Annotations

Branches:
Dungeon (5/15) Zot: 1335
 Temple: D:4-7

Altars:
Elyvilon
Qazlal
Ru


Innate Abilities, Weirdness & Mutations

You passively map a small area around you.
You are easily found by Zot.
You glow in the dark.
You regain HP and MP as you explore.


Message History

You can't see any susceptible monsters within range! (Use Z to cast anyway.)
Casting: Freeze (safe; 1% risk of failure)
Confirm with . or Enter, or press ? or * to list all spells.
Casting: Frozen Ramparts (dangerous; 2% risk of failure)
Press: ? - help, Dir - look around, f - activate The walls around you are covered in ice.
Casting: Frozen Ramparts (dangerous; 2% risk of failure)
Confirm with . or Enter, or press ? or * to list all spells.
You can't see any susceptible monsters within range! (Use Z to cast anyway.)
You hit the orc wizard but do no damage.
The orc wizard is heavily wounded.
You recover from your berserk rage.
The wall freezes the orc wizard!
You kill the orc wizard!
Your frozen ramparts will break if you move.
Continue?
The frozen ramparts melt away as you move.
The ice beast attacks as you move away!
The ice beast hits you but does no damage.
The ice beast attacks as you move away! The ice beast hits you.
The ice beast freezes you! The ice beast attacks as you move away!
The ice beast hits you. The ice beast freezes you!
The ice beast attacks as you move away! The ice beast hits you.
The ice beast freezes you!
* * * LOW HITPOINT WARNING * * *
As you read the scroll labelled GIPRAAB ORIF, it crumbles to dust.
You feel aware of your surroundings.
It was a scroll of magic mapping.
The ice beast closely misses you.
As you read the scroll labelled QERES FYREU, it crumbles to dust.
It is a scroll of amnesia.
Really abort (and waste the scroll)?
Okay, then.
The ice beast hits you but does no damage.
As you read the scroll labelled KAEHYS ANIWN, it crumbles to dust.
The creatures around you are filled with an inner flame!
It was a scroll of immolation.
The ice beast closely misses you. The ice beast attacks as you move away!
The ice beast hits you.
* * * LOW HITPOINT WARNING * * *
The ice beast freezes you!
You die...

#..#[.!..#....##.#
...+.[.).'...###.#
...#..!..#..####.#
...#.....#.###.#.#
..####'######..#.#
.###.†...###...'.#
###..o..###....#.#
##...).###.....#Y#
#...?.###.....##@#
.....###.....###.#
##'#######+#####.#
.................#
........##########
#########


You could see an ice beast (inner flame).

Vanquished Creatures
  3 ogres
  2 scorpions (D:5)
  2 iguanas
  6 orc wizards
  5 adders
  A white imp (D:5)
  3 ufetubi
  3 worms
  4 dart slugs
  10 orcs
  2 bats
  An endoplasm (D:3)
  4 giant cockroaches
  2 goblins
  A hobgoblin (D:2)
  4 jackals (D:3)
  5 kobolds
  4 quokkas
  3 ball pythons
  A frilled lizard (D:1)
  A rat (D:2)
67 creatures vanquished.

Vanquished Creatures (others)
  An orc wizard (D:5)
1 creature vanquished.

Grand Total: 68 creatures vanquished

Notes
Turn   | Place    | Note
-------+----------+-------------------------------------------
     0 | D:1      | hawla the Meteoran Ice Elementalist began the quest for the
                  | Orb.
     0 | D:1      | Reached XP level 1. HP: 14/14 MP: 5/5
   182 | D:1      | Reached XP level 2. HP: 17/20 MP: 3/6
   294 | D:2      | Reached XP level 3. HP: 17/26 MP: 5/8
   319 | D:2      | Learned a level 3 spell: Frozen Ramparts
   323 | D:2      | Reached skill level 5 in Ice Magic
   454 | D:3      | Reached XP level 4. HP: 33/33 MP: 5/9
   486 | D:3      | Learned a level 4 spell: Hailstorm
   524 | D:3      | Identified the +1 chain mail of Ynweuluv {Stlth+}
   686 | D:3      | Reached XP level 5. HP: 33/38 MP: 7/11
   711 | D:3      | Found a sacrificial altar of Ru.
   741 | D:3      | Reached skill level 6 in Ice Magic
   991 | D:4      | Reached skill level 1 in Conjurations
  1018 | D:4      | Found a stormy altar of Qazlal.
  1073 | D:4      | Reached XP level 6. HP: 45/45 MP: 2/12
  1074 | D:4      | Found a white marble altar of Elyvilon.
  1081 | D:4      | Noticed an ogre
  1090 | D:4      | Killed an ogre
  1115 | D:4      | Noticed an ogre
  1119 | D:4      | Killed an ogre
  1120 | D:4      | Reached skill level 5 in Conjurations
  1120 | D:4      | Reached XP level 7. HP: 50/50 MP: 2/13
  1430 | D:5      | Entered Level 5 of the Dungeon
  1479 | D:4      | Learned a level 4 spell: Airstrike
  1591 | D:5      | Reached skill level 1 in Air Magic
  1596 | D:5      | Reached XP level 8. HP: 12/58 MP: 7/15
  1603 | D:5      | HP: 2/87 [orc wizard/magic dart (6)]
  1649 | D:5      | Slain by an ice beast

Illustrated notes

Levels and vault maps discovered:
D:1:      dpeg_arrival_more_subterranean_lakeside_camping, layout_loops_ring,
          minmay_small_reverse_x
D:2:      minmay_alternating_diamond, layout_basic,
          chequers_ecumenical_altar_island, hangedman_decor_opposing,
          grunt_ministairs_3, minivault_27, minmay_vboxes, uniq_natasha
D:3:      layout_loops_ring, general_overflow_altar, minmay_splitting_lines
D:4:      layout_loops_ring, lemuel_doored_altar, grunt_qazlal_sundering
D:5:      layout_loops_ring, minmay_quadrilaterals

Skill      XL: |  1  2  3  4  5  6  7  8 |
---------------+-------------------------+-----
Spellcasting   | 3 4 |  4.4
Ice Magic      | 5 6 |  6.4
Conjurations   | 3 5 |  5.4
Dodging        | 3 |  3.0
Air Magic      | 3 4 |  4.2
Fighting       | |  0.4
Stealth        | |  1.4

Action                   |  1- 3 |  4- 6 |  7- 9 || total
-------------------------+-------+-------+-------++-------
Melee: Unarmed           |    17 |    11 |    12 ||    40
       Punch             |     1 |       |       ||     1
 Cast: Freeze            |    23 |    20 |    10 ||    53
       Frozen Ramparts   |     5 |    18 |     9 ||    32
       Hailstorm         |       |     1 |     3 ||     4
  Use: Scroll            |     4 |     2 |     3 ||     9
       Potion            |       |       |     4 ||     4
Armor: Robe              |    11 |     4 |    19 ||    34
Dodge: Dodged            |    17 |    16 |    21 ||    54
